 Dungeon Crawl Stone Soup version 0.27-a0-1119-gbf574a6a6b (webtiles) character file.

Game seed: 8709567661031954995

893 jasper the Skirmisher (level 7, 0/55 HPs)
             Began as a Demonspawn Artificer on May 2, 2021.
             Was a Follower of Cheibriados.
             Slain by a gnoll sergeant
             ... wielding a +0 spear
              (7 damage)
             ... on level 6 of the Dungeon.
             The game lasted 00:08:02 (6308 turns).

jasper the Skirmisher (Demonspawn Artificer)        Turns: 6308, Time: 00:08:03

Health: 0/55       AC:  8    Str: 17    XL:     7   Next: 78%
Magic:  9/9        EV: 11    Int: 16    God:    Cheibriados [*.....]
Gold:   128        SH:  4    Dex: 16    Spells: 6/6 levels left

rFire    . . .     SeeInvis .   a - +0 club (elec)
rCold    . . .     Faith    .   s - +0 buckler
rNeg     . . .     Spirit   .   i - +1 ring mail
rPois    .         Reflect  .   (helmet restricted)
rElec    .         Harm     .   l - +0 cloak
rCorr    .         Rampage  .   (no gloves)
Will     .....                  w - +0 pair of boots
Stlth    +.........             q - amulet of the acrobat
HPRegen  0.18/turn              (no ring)
MPRegen  0.11/turn              (no ring)

@: very slow
A: antennae 2, talons 1, spiny 1
a: Renounce Religion, Bend Time


You were on level 6 of the Dungeon.
You worshipped Cheibriados.
Cheibriados was aware of your devotion.
You visited 2 branches of the dungeon, and saw 7 of its levels.

You collected 193 gold pieces.
You spent 65 gold pieces at shops.

Inventory:

Hand Weapons
 a - a +0 club of electrocution (weapon)
Missiles
 f - 3 javelins
 h - 21 poisoned darts
 u - 5 silver javelins
 x - a throwing net
Armour
 b - a +0 leather armour
 i - a +1 ring mail (worn)
 l - a +0 cloak (worn)
 s - a +0 buckler (worn)
 w - a +0 pair of boots (worn)
Jewellery
 c - a ring of ice
 o - an amulet of magic regeneration
 q - an amulet of the acrobat (around neck)
Wands
 d - a wand of charming (14)
 g - a wand of flame (22)
 n - a wand of polymorph (6)
Scrolls
 m - a scroll of teleportation
 v - a scroll of silence {unknown}
 y - a scroll of fog
Potions
 j - 2 potions of curing
 p - a potion of resistance {unknown}
 r - 2 potions of mutation {unknown}
 t - a potion of haste {unknown}
 z - a potion of invisibility {unknown}
Miscellaneous
 e - a piece from Xom's chessboard (15/15)


   Skills:
 + Level 4.9 Fighting
 + Level 3.0 Armour
 + Level 2.6 Dodging
 - Level 0.8 Stealth
 + Level 1.7 Shields
 * Level 4.2 Unarmed Combat
 - Level 0.2 Spellcasting
 + Level 3.4 Invocations
 - Level 3.0 Evocations


You had 6 spell levels left.
You didn't know any spells.
Your spell library was empty.

Dungeon Overview and Level Annotations

Branches:
Dungeon (6/15)             Temple (1/1) D:4

Altars:
Ashenzari
Cheibriados
Dithmenos
Elyvilon
Hepliaklqana
Kikubaaqudgha
Makhleb
Okawaru
Qazlal
Trog
Vehumet
Yredelemnul
The Shining One

Shops:
D:6 *=


Innate Abilities, Weirdness & Mutations

You have a pair of antennae on your head.
You have sharp toenails.
You are partially covered in sharp spines.


Message History

The gnoll hits you from afar with a +0 spear.
The gnoll barely misses you.
The gnoll hits you from afar with a +0 spear.
The gnoll sergeant hits you from afar with a +0 spear.
You take 4 damage, and have 22/55 hp.
You barely miss the gnoll.
The gnoll is lightly wounded.
The gnoll completely misses you. You block the gnoll's attack.
The gnoll sergeant hits you but does no damage.
You hit the gnoll. Lightning courses through the gnoll!
You kill the gnoll!
Cheibriados appreciates the change of pace.
The gnoll sergeant hits you from afar with a +0 spear.
The gnoll closely misses you. The gnoll is struck by your spines.
The gnoll hits you with a +0 flail!
* * * LOW HITPOINT WARNING * * *
You take 11 damage, and have 11/55 hp.
You hit the gnoll.
The gnoll is moderately wounded.
The gnoll sergeant hits you but does no damage.
The gnoll closely misses you. You block the gnoll's attack.
The gnoll sergeant hits you but does no damage.
The gnoll barely misses you.
You barely miss the gnoll.
The gnoll is moderately wounded.
The gnoll barely misses you.
The gnoll sergeant hits you but does no damage.
The gnoll hits you but does no damage.
You barely miss the gnoll.
The gnoll is moderately wounded.
The gnoll is struck by your spines. The gnoll hits you with a +0 flail.
* * * LOW HITPOINT WARNING * * *
The gnoll sergeant barely misses you. The gnoll misses you.
You block the gnoll's attack.
A gnoll comes into view.
It is wielding a +2 flail of protection.
You take 4 damage, and have 7/55 hp.
You closely miss the gnoll.
The gnoll is severely wounded.
The gnoll sergeant hits you from afar with a +0 spear!
You die...

... ####. #.# #...# #.#
#.#># #.# #...## # #.#
#8.#.## ##.###
..#####..#..###g...#
.....8.∩.8.#....##.# {
#†.####<......#.##g##.#
#..####8.#.####.@g....#
#.....#..#.####.##g.......
#..##.#..#......##########
...##.##.########
##.......## #####.....# #
#####)# # #)#
#########[###


You could see a gnoll sergeant and 3 gnolls.

Vanquished Creatures
  A centaur (D:6)
  An ogre (D:5)
  2 phantoms
  A scorpion (D:5)
  A water moccasin zombie (D:5)
  3 bullfrog zombies (D:5)
  A hound (D:5)
  A bullfrog skeleton (D:5)
  3 hound skeletons
  7 gnolls (D:6)
  A howler monkey skeleton (D:5)
  6 adders
  An ufetubus (D:5)
  A worm (D:4)
  2 dart slugs
  5 bats (D:1)
  10 endoplasms
  3 giant cockroaches
  8 hobgoblins
  9 jackals
  6 kobolds
  5 quokkas
  2 ball pythons (D:1)
  A frilled lizard (D:1)
  6 goblins
  4 rats
91 creatures vanquished.

Vanquished Creatures (others)
  A gnoll sergeant (D:6)
1 creature vanquished.

Grand Total: 92 creatures vanquished

Notes
Turn   | Place    | Note
-------+----------+-------------------------------------------
     0 | D:1      | jasper the Demonspawn Artificer began the quest for the
                  | Orb.
     0 | D:1      | Reached XP level 1. HP: 15/15 MP: 1/1
    31 | D:1      | Found a faded altar of an unknown god.
    63 | D:1      | Became a worshipper of Vehumet
    63 | D:1      | Reached * piety under Vehumet
    63 | D:1      | Offered knowledge of Foxfire by Vehumet.
   350 | D:1      | Gained mutation: You have sharp toenails. [demonic
                  | ancestry]
   350 | D:1      | Reached XP level 2. HP: 15/22 MP: 2/2
   350 | D:1      | Fell from the grace of Vehumet
  1352 | D:1      | Gained mutation: You are partially covered in sharp spines.
                  | [demonic ancestry]
  1352 | D:1      | Reached XP level 3. HP: 26/28 MP: 3/3
  1743 | D:2      | Reached skill level 1 in Unarmed Combat
  2086 | D:2      | Reached XP level 4. HP: 35/35 MP: 4/4
  3675 | D:4      | Found a staircase to the Ecumenical Temple.
  3681 | Temple   | Entered the Ecumenical Temple
  4103 | Temple   | Became a worshipper of Cheibriados the Contemplative
  4394 | D:5      | Entered Level 5 of the Dungeon
  4418 | D:5      | Noticed a phantom
  4422 | D:5      | Killed a phantom
  4423 | D:5      | Reached skill level 1 in Dodging
  4423 | D:5      | Reached skill level 1 in Invocations
  4423 | D:5      | Gained mutation: You have a pair of small antennae on your
                  | head. [demonic ancestry]
  4423 | D:5      | Reached XP level 5. HP: 42/42 MP: 5/5
  4586 | D:5      | Reached XP level 6. HP: 35/49 MP: 5/7
  4634 | D:5      | Was forgiven by Vehumet
  4946 | D:5      | Reached skill level 1 in Shields
  4946 | D:5      | Gained mutation: You have a pair of antennae on your head.
                  | [demonic ancestry]
  4946 | D:5      | Reached XP level 7. HP: 36/55 MP: 8/8
  5116 | D:5      | Reached * piety under Cheibriados
  5854 | D:6      | Found Zufire's General Store.
  5863 | D:6      | Bought a throwing net for 39 gold pieces
  5863 | D:6      | Bought a scroll of fog for 26 gold pieces
  5890 | D:6      | Found Wiur's Jewellery Shop.
  6308 | D:6      | Slain by a gnoll sergeant

Illustrated notes

Levels and vault maps discovered:
D:1:      evilmike_arrival_plus, layout_loops_ring,
          chequers_ecumenical_altar_island, minmay_pentomino_w4
D:2:      wander_river, layout_rooms
D:3:      layout_basic
D:4:      layout_rooms, minmay_temple_entry_steel_oval, minmay_misc_feat_tiny,
          minmay_misc_feat_cross, skrybe_limestone_x, minmay_misc_feat_pillars
D:5:      layout_gridville, kennysheep_pointless_box, nicolae_zen_rock_garden
D:6:      layout_loops_cross, serial_shops, nicolae_shop_trees, shop_statue,
          nicolae_shop_statue_plus
Temple:   roderic_octagonal_lattice_temple

Skill      XL: |  1  2  3  4  5  6  7 |
---------------+----------------------+-----
Fighting       | 2 3 4 |  4.9
Unarmed Combat | 1 2 3 4 |  4.2
Armour         | 2 3 |  3.0
Dodging        | 1 2 |  2.6
Invocations    | 1 2 3 |  3.4
Shields        | 1 |  1.7
Stealth        | |  0.8
Spellcasting   | |  0.2
Evocations     | |  3.0

Action                   |  1- 3 |  4- 6 |  7- 9 || total
-------------------------+-------+-------+-------++-------
Melee: Club              |    88 |    83 |    63 ||   234
       Kick              |    13 |    25 |     5 ||    43
       Punch             |       |     1 |       ||     1
Throw: Dart              |    37 |    18 |       ||    55
       Javelin           |     3 |       |       ||     3
Invok: Renounce Religion |     1 |       |       ||     1
Evoke: Wand              |    15 |     7 |     3 ||    25
  Use: Scroll            |       |     6 |       ||     6
       Potion            |       |       |     1 ||     1
Armor: Leather armour    |    21 |       |       ||    21
       Ring mail         |    31 |    34 |    27 ||    92
Dodge: Dodged            |    56 |    46 |    71 ||   173
Block: Buckler           |       |     5 |    18 ||    23

Table legend: (Time is in decaauts)
 A = Elapsed time spent in this place.
 B = Non-inter-level travel time spent in this place.
 C = Inter-level travel time spent in this place.
 D = Time resting spent in this place.
 E = Time spent auto-exploring this place.
 F = Levels seen in this place.
 G = Mean time per level.
                   A        B        C        D        E       F      G
               +--------+--------+--------+--------+--------+-----+--------+
         Total |   6861 |   6580 |    281 |   1133 |   4556 |   7 |  980.1 |
       Dungeon |   6405 |   6156 |    249 |    961 |   4317 |   6 | 1067.5 |
        Temple |    455 |    423 |     32 |    172 |    239 |   1 |  455.0 |
               +--------+--------+--------+--------+--------+-----+--------+

Top non-repeatable levels by time:
     D:5: 1987 daAuts
     D:1: 1503 daAuts
     D:3: 986 daAuts
     D:2: 851 daAuts
     D:4: 758 daAuts
  Temple: 455 daAuts
     D:6: 319 daAuts
